 Dungeon Crawl Stone Soup version 0.22-a0-322-g60b3cfd (webtiles) character file.

246 kidcy the Skirmisher (level 5, 0/42 HPs)
             Began as a Demonspawn Fighter on Apr 2, 2018.
             Slain by an iguana (8 damage)
             ... on level 3 of the Dungeon.
             The game lasted 00:04:08 (2915 turns).

kidcy the Skirmisher (Demonspawn Fighter)           Turns: 2915, Time: 00:04:10

Health: 0/42       AC:  6    Str: 22    XL:     5   Next: 84%
Magic:  5/5        EV:  8    Int: 10    God:
Gold:   141        SH:  9    Dex: 12    Spells: 4/4 levels left

rFire    . . .     SeeInvis .   a - +0 flail
rCold    . . .     Gourm    .   c - +0 shield
rNeg     . . .     Faith    .   b - +0 scale mail
rPois    .         Spirit   .   (no helmet)
rElec    .         Reflect  .   (no cloak)
rCorr    .         Harm     .   (no gloves)
MR       .....                  (no boots)
Stlth    ..........             (no amulet)
HPRegen  0.14/turn              (no ring)
MPRegen  0.09/turn              (no ring)

@: mighty
A: claws 1, rot immunity, sturdy frame 1
a: no special abilities


You were on level 3 of the Dungeon.
You were not hungry.

You visited 1 branch of the dungeon, and saw 4 of its levels.

You collected 141 gold pieces.

Inventory:

Hand Weapons
 a - a +0 flail (weapon)
Armour
 b - a +0 scale mail (worn)
 c - a +0 shield (worn)
Jewellery
 r - an uncursed amulet of faith {unknown}
 s - an uncursed ring of poison resistance {unknown}
Scrolls
 e - 4 scrolls of remove curse {unknown}
 g - a scroll of fear {unknown}
 i - 7 scrolls of identify {unknown}
 k - a scroll of amnesia {unknown}
 m - a scroll of enchant armour {unknown}
 n - a scroll of teleportation {unknown}
 o - a scroll of blinking {unknown}
 p - a scroll of random uselessness {unknown}
 t - a scroll of noise {unknown}
Potions
 d - a potion of might
 h - 3 potions of curing {unknown}
 j - a potion of resistance {unknown}
 l - 2 potions of agility {unknown}
 q - a potion of berserk rage {unknown}
Comestibles
 f - 9 rations


   Skills:
 + Level 4.0 Fighting
 * Level 3.7 Maces & Flails
 + Level 3.5 Armour
 + Level 3.6 Shields


You had 4 spell levels left.
You didn't know any spells.

Dungeon Overview and Level Annotations

Branches:
Dungeon (4/15)
 Temple: D:4-7

Altars:


Innate Abilities, Weirdness & Mutations

You have sharp fingernails.
You are immune to rotting.
Your movements are slightly less encumbered by armour. (ER -2)


Message History

The iguana is moderately wounded.
The iguana barely misses you.
You barely miss the iguana.
The iguana is moderately wounded.
The iguana bites you but does no damage.
A scorpion comes into view.
You closely miss the iguana.
The iguana is moderately wounded.
The iguana bites you.
* * * LOW HITPOINT WARNING * * *
You block the iguana's attack.
There is a stone staircase leading up here.
The iguana bites you!
* * * LOW HITPOINT WARNING * * *
You climb upwards.
There is a stone staircase leading down here.
Unknown command.
You feel very mighty all of a sudden. The iguana bites you!
You die...

....##..####.....#####...........
.........(.....### #...........
.....>.........#######...........
.............#...................
..............####...............
...>.##......[..##.##............
.........###.##..#.#..##..(......
........## #.###.#.#.#.....######
......#.## #.###@l.....######...#
.....#...###........#.######.....
.....#.#..###....................
.....#.##.# #..)......####.......
.......##.# #.........# ##......
....#####.# #.........# ##.....
.....## #.# ######....######.....
......# #.# ###.##....##......
...)..# #.#### #...#####.........


You could see an iguana.

Vanquished Creatures
  A black bear (D:2)
  A howler monkey (D:4)
  Jessica (D:3)
  3 adders
  A worm (D:1)
  A dart slug (D:3)
  6 leopard geckos
  2 orcs
  A giant cockroach (D:1)
  6 goblins
  6 hobgoblins
  8 bats
  4 frilled lizards
  6 kobolds
  14 rats
61 creatures vanquished.

Notes
Turn   | Place    | Note
-------+----------+-------------------------------------------
     0 | D:1      | kidcy the Demonspawn Fighter began the quest for the Orb.
     0 | D:1      | Reached XP level 1. HP: 18/18 MP: 1/1
   243 | D:1      | Gained mutation: Your movements are slightly less encumbered by armour. (ER -2) [demonic ancestry]
   243 | D:1      | Reached XP level 2. HP: 24/24 MP: 2/2
  1301 | D:2      | Reached XP level 3. HP: 20/29 MP: 3/3
  1856 | D:3      | Noticed a black bear
  1929 | D:3      | Gained mutation: You have sharp fingernails. [demonic ancestry]
  1929 | D:3      | Reached XP level 4. HP: 22/35 MP: 4/4
  2178 | D:2      | Killed a black bear
  2178 | D:2      | Gained mutation: You are immune to rotting. [demonic ancestry]
  2178 | D:2      | Reached XP level 5. HP: 14/42 MP: 5/5
  2501 | D:3      | Noticed Jessica
  2503 | D:3      | Killed Jessica
  2899 | D:4      | Reached skill level 4 in Fighting
  2915 | D:3      | Slain by an iguana

Vault maps used:
D:1:      minmay_arrival_stair_chambers
D:2:      serial_curves, eino_curves_01, eino_curves_01, eino_curves_02,
          eino_curves_02
D:3:      first_ration, uniq_jessica
D:4:      minmay_temple_entry_overgrown

Skill      XL: |  1  2  3  4  5 |
---------------+----------------+-----
Maces & Flails | 2 3 |  3.7
Armour         | 3 |  3.5
Shields        | 3 |  3.6
Fighting       | 4 |  4.0

Action                   |  1- 3 |  4- 6 || total
-------------------------+-------+-------++-------
Melee: Flail             |   145 |    75 ||   220
  Use: Potion            |       |     1 ||     1
  Eat: Chunk             |     3 |       ||     3
       Ration            |       |     1 ||     1
Armor: Scale mail        |   111 |    35 ||   146
Dodge: Dodged            |    60 |    26 ||    86
Block: Shield            |   107 |    30 ||   137

Table legend:
 A = Spawn XP
 B = Non-spawn XP
 C = Spawn XP percentage of total XP
 D = Spawn monster count
 E = Non-spawn monster count
 F = Spawn count percentage of total count
 G = Total turns spent on level
                    A         B        C        D         E        F      G
               +---------+---------+-------+---------+---------+-------+---------
         Total |       0 |     352 |   0.0 |       0 |      61 |   0.0 |  2915
               +---------+---------+-------+---------+---------+-------+---------
           D:1 |       0 |      36 |   0.0 |       0 |      23 |   0.0 |  1203
           D:2 |       0 |     179 |   0.0 |       0 |      17 |   0.0 |  1075
           D:3 |       0 |      83 |   0.0 |       0 |      20 |   0.0 |   618
           D:4 |       0 |      54 |   0.0 |       0 |       1 |   0.0 |    19
               +---------+---------+-------+---------+---------+-------+---------
